 Dungeon Crawl Stone Soup version 0.29-a0-472-ge5599a681e (webtiles) character file.

Game seed: 7874909711028223620

4034 Zonian the Frost Mage (level 10, -5/72 (74) HPs)
             Began as a Gnoll Ice Elementalist on May 23, 2022.
             Was an Elder of Makhleb.
             Slain by an orc warrior
             ... wielding a +0 flail
              (14 damage)
             ... on level 9 of the Dungeon.
             The game lasted 00:25:34 (15454 turns).

Zonian the Frost Mage (Gnoll Ice Elementalist)     Turns: 15454, Time: 00:25:35

HP:   -5/72 (74)    AC:  2    Str:  9    XL:     10   Next: 24%
MP:   17/20         EV: 15    Int: 16    God:    Makhleb [****..]
Gold: 370           SH:  5    Dex: 14    Spells: 16/23 levels left

rFire   . . .      SeeInvis .   s - +2 dagger (drain)
rCold   + . .      Faith    .   (no shield)
rNeg    . . .      Spirit   .   a - +0 robe
rPois   .          Reflect  +   (no helmet)
rElec   .          Harm     .   w - scarf {shadows}
rCorr   .          Rampage  .   (no gloves)
Will    +....                   (no boots)
Stlth   +++.......              J - amulet of Iresch {Reflect rC+ SH+5}
HPRegen 0.22/turn               m - ring of willpower
MPRegen 0.17/turn               (no ring)

@: freezing walls, lightly drained
A: fangs 1, strong nose, distributed training
a: Renounce Religion, Minor Destruction, Lesser Servant of Makhleb, Major
Destruction


You were on level 9 of the Dungeon.
You worshipped Makhleb.
Makhleb was greatly pleased with you.
You visited 1 branch of the dungeon, and saw 9 of its levels.

You collected 690 gold pieces.
You spent 320 gold pieces at shops.

Inventory:

Hand Weapons
 j - a +0 whip
 k - a +0 vampiric dagger
 r - a +0 falchion
 s - a +2 dagger of draining (weapon)
 B - a +0 war axe
 I - a +1 war axe of flaming
 M - a +3 halberd
Missiles
 C - 5 javelins
Armour
 a - a +0 robe (worn)
 c - a +0 cloak
 w - a scarf of shadows (worn)
 y - a scarf of harm
Jewellery
 g - a +6 ring of intelligence
 m - a ring of willpower (left hand)
 t - an amulet of guardian spirit
 J - the amulet of Iresch (around neck) {Reflect rC+ SH+5}
   (You took it off a wight on level 9 of the Dungeon)

   [amulet of reflection]

   It reflects blocked missile attacks.
   rC:        It protects you from cold.
   SH:        It affects your SH (+5).
Wands
 A - a wand of mindburst (10)
 E - a wand of acid (4)
 G - a wand of polymorph (12)
 H - a wand of paralysis (20)
Scrolls
 e - a scroll of vulnerability
 l - a scroll of magic mapping
 q - 5 scrolls of teleportation
 v - 3 scrolls of enchant weapon
 x - 2 scrolls of fear
 D - a scroll of poison
 K - a scroll of amnesia
 L - a scroll of identify
Potions
 b - 4 potions of mutation
 d - 2 potions of lignification
 f - 2 potions of brilliance
 h - 3 potions of heal wounds
 i - 2 potions of attraction {unknown}
 n - 7 potions of curing
 o - 3 potions of cancellation {unknown}
 p - 2 potions of degeneration {unknown}
 u - a potion of ambrosia {unknown}
 z - a potion of might {unknown}
 F - a potion of invisibility


   Skills:
 + Level 5.1 Fighting
 + Level 5.1 Short Blades
 + Level 5.1 Long Blades
 + Level 5.1 Axes
 + Level 5.1 Maces & Flails
 + Level 5.1 Polearms
 + Level 5.1 Staves
 + Level 5.1 Slings
 + Level 5.1 Bows
 + Level 5.1 Crossbows
 + Level 5.1 Throwing
 + Level 5.1 Armour
 + Level 6.9 Dodging
 + Level 6.6 Stealth
 + Level 5.1 Shields
 + Level 5.1 Unarmed Combat
 + Level 7.2 Spellcasting
 + Level 4.2 Conjurations
 + Level 4.2 Hexes
 + Level 4.2 Summonings
 + Level 4.2 Necromancy
 + Level 4.2 Translocations
 + Level 4.2 Transmutations
 + Level 4.2 Fire Magic
 + Level 8.3 Ice Magic
 + Level 4.2 Air Magic
 + Level 4.2 Earth Magic
 + Level 4.2 Poison Magic
 + Level 5.6 Invocations
 + Level 5.1 Evocations


You had 16 spell levels left.
You knew the following spells:

 Your Spells              Type           Power      Damage    Failure   Level
a - Freeze                Ice            100%       1d11      1%          1
b - Frozen Ramparts       Ice            64%        1d8       1%          3
c - Ozocubu's Armour      Ice            32%        N/A       1%          3

Your spell library contained the following spells:

 Spells                   Type           Power      Damage    Failure   Level
 Apportation              Tloc           38%        N/A       2%          1
 Beastly Appendage        Tmut           38%        N/A       2%          1
 Necrotize                Necr           76%        1d7       2%          1
 Summon Small Mammal      Summ           76%        N/A       2%          1
 Scorch                   Fire           38%        2d7       3%          2
 Wereblood                Tmut           19%        N/A       3%          2
 Spider Form              Tmut/Pois      19%        N/A       6%          3
 Hailstorm                Conj/Ice       25%        3d7       9%          4
 Flame Wave               Conj/Fire      19%        2d6       22%         4
 Freezing Cloud           Conj/Ice/Air   11%        6-21      34%         5
 Simulacrum               Ice/Necr       12%        N/A       80%         6
 Summon Cactus Giant      Summ           9%         N/A       97%         6
 Malign Gateway           Summ/Tloc      9%         N/A       100%        7
 Summon Horrible Things   Summ           9%         N/A       100%        8
 Polar Vortex             Ice            16%        N/A       100%        9


Dungeon Overview and Level Annotations

Branches:
Dungeon (9/15)             Temple (0/1) D:5
   Lair: D:8-11         Orc: D:9-12

Altars:
Ashenzari
Elyvilon
Fedhas
Gozag
Hepliaklqana
Kikubaaqudgha
Makhleb
Okawaru
Sif Muna
Vehumet
Xom
Zin
The Shining One

Shops:
D:6 *[[(!   D:7 *

Annotations:
D:3 Grinder


Innate Abilities, Weirdness & Mutations

You have very sharp teeth.
Your uncanny sense of smell can sniff out nearby items.
Your experience applies equally to all skills.


Message History

The orc priest shouts!
You miss the orc wizard.
The orc priest invokes the aid of Beogh against you.
Beogh smites you!
You closely miss the orc wizard.
The orc wizard points at you and mumbles some strange words.
The puff of flame misses you.
The orc priest mumbles some strange prayers to Beogh against you.
Beogh smites you!
You are too injured to fight recklessly!
You are too injured to fight recklessly!
Unknown command.
The orc warrior attacks as you move away!
The orc warrior hits you with a +0 flail!
* * * LOW HITPOINT WARNING * * *
The orc wizard attacks as you move away!
You block the orc wizard's attack.
You feel much better. The orc wizard completely misses you.
The orc warrior hits you with a +0 flail!
* * * LOW HITPOINT WARNING * * *
Unknown command.
Casting: Ozocubu's Armour (safe; 1% risk of failure)
Confirm with . or Enter, or press ? or * to list all spells.
Casting: Frozen Ramparts (safe; 1% risk of failure)
Press: ? - help, Dir - look around, f - activate The walls around you are covered in ice.
The wall freezes the orc wizard.
The orc wizard closely misses you.
The wall freezes the orc warrior.
The orc warrior closely misses you.
Unknown command.
Aiming: Mindburst
Press: ? - help, Shift-Dir - straight line, f - orc warrior
Aim: an orc warrior, wielding a +0 flail, wearing a +0 chain mail and quivering stones (lightly wounded, chance to affect: 81%)
The orc warrior's mind is blasted!!
The wall freezes the orc wizard!
The orc wizard closely misses you.
The orc priest invokes the aid of Beogh against you.
Beogh smites you!
* * * LOW HITPOINT WARNING * * *
The wall freezes the orc warrior.
The orc warrior hits you with a +0 flail!
You die...

#..####...≈≈≈≈≈♣≈≈.....
####........≈≈≈≈≈≈≈≈.♣....
#...........≈≈≈≈≈≈≈≈≈♣..##
#.#........P≈.≈≈≈≈≈≈.≈ ###
#.#.#.#......≈o.≈≈≈... #
#.#.#.........o≈≈≈≈ #
###.#.#....#......... #
#..........#o......## #
#.#.#.#....@o......'. ..
#.#.#..............## #..
#.#.###..########### ##.
#.#.# #..# #....... #.
#.#.# #.#####....... #.#.#
#.....'.......
#.###...###.......
#...'...'..###....
#####...##........


You could see an orc warrior, 2 orc priests and an orc wizard.

Vanquished Creatures
  Sigmund (D:2)
  A wyvern (D:8)
  A yak (D:9)
  A wraith (D:9)
  2 shadows (D:9)
  2 steam dragons (D:7)
  Duvessa (D:7)
  4 water moccasins
  3 orc warriors
  A sky beast (D:5)
  2 ogres
  A centaur (D:8)
  A kobold brigand (D:6)
  A bullfrog (D:5)
  4 wights (D:9)
  Dowan (D:7)
  8 killer bees (D:8)
  2 howler monkeys (D:9)
  A hound (D:6)
  3 jellies
  2 orc priests
  2 gnoll shamans
  Crazy Yiuf (D:2)
  2 iguanas
  Natasha (thrice) (D:2)
  8 orc wizards
  8 gnolls
  8 adders
  A shadow imp (D:6)
  5 white imps
  3 ufetubi
  A dart slug (D:3)
  29 orcs
  10 ball pythons
  7 endoplasms
  5 giant cockroaches
  5 goblins
  7 hobgoblins
  6 jackals
  5 quokkas
  2 bats (D:1)
  4 frilled lizards (D:1)
  12 kobolds
  7 rats
184 creatures vanquished.

Vanquished Creatures (others)
  38 plants
  5 withered plants (D:9)
43 creatures vanquished.

Grand Total: 227 creatures vanquished

Notes
Turn   | Place    | Note
-------+----------+-------------------------------------------
     0 | D:1      | Zonian the Gnoll Ice Elementalist began the quest for the
                  | Orb.
     0 | D:1      | Reached XP level 1. HP: 13/13 MP: 6/6
   306 | D:1      | Reached XP level 2. HP: 19/19 MP: 4/7
  1227 | D:1      | Reached XP level 3. HP: 25/25 MP: 7/9
  1231 | D:1      | Learned a level 3 spell: Frozen Ramparts
  1261 | D:1      | Reached skill level 5 in Spellcasting
  1366 | D:1      | Found a faded altar of an unknown god.
  1604 | D:1      | Prayed at the altar of an unknown god.
  1604 | D:1      | Became a worshipper of Makhleb the Destroyer
  1604 | D:1      | Reached * piety under Makhleb
  1772 | D:2      | Learned a level 3 spell: Ozocubu's Armour
  1827 | D:2      | Noticed Sigmund
  1860 | D:2      | Killed Sigmund
  1861 | D:2      | Reached skill level 1 in Fighting
  1861 | D:2      | Reached skill level 1 in Short Blades
  1861 | D:2      | Reached skill level 1 in Long Blades
  1861 | D:2      | Reached skill level 1 in Axes
  1861 | D:2      | Reached skill level 1 in Maces & Flails
  1861 | D:2      | Reached skill level 1 in Polearms
  1861 | D:2      | Reached skill level 1 in Staves
  1861 | D:2      | Reached skill level 1 in Slings
  1861 | D:2      | Reached skill level 1 in Bows
  1861 | D:2      | Reached skill level 1 in Crossbows
  1861 | D:2      | Reached skill level 1 in Throwing
  1861 | D:2      | Reached skill level 1 in Armour
  1861 | D:2      | Reached skill level 1 in Shields
  1861 | D:2      | Reached skill level 1 in Unarmed Combat
  1861 | D:2      | Reached skill level 1 in Conjurations
  1861 | D:2      | Reached skill level 1 in Hexes
  1861 | D:2      | Reached skill level 1 in Summonings
  1861 | D:2      | Reached skill level 1 in Necromancy
  1861 | D:2      | Reached skill level 1 in Translocations
  1861 | D:2      | Reached skill level 1 in Transmutations
  1861 | D:2      | Reached skill level 1 in Fire Magic
  1861 | D:2      | Reached skill level 1 in Air Magic
  1861 | D:2      | Reached skill level 1 in Earth Magic
  1861 | D:2      | Reached skill level 1 in Poison Magic
  1861 | D:2      | Reached skill level 1 in Invocations
  1861 | D:2      | Reached skill level 1 in Evocations
  1861 | D:2      | Reached XP level 4. HP: 28/32 MP: 11/11
  1861 | D:2      | Reached XP level 5. HP: 33/37 MP: 12/12
  1955 | D:2      | Noticed Natasha
  1968 | D:2      | Killed Natasha
  2206 | D:2      | Found a runed translucent door.
  2207 | D:2      | Noticed Crazy Yiuf
  2214 | D:2      | Killed Crazy Yiuf
  2215 | D:2      | Reached XP level 6. HP: 31/44 MP: 8/13
  2353 | D:2      | Noticed Natasha
  2359 | D:2      | Killed Natasha
  2536 | D:2      | Noticed Natasha
  2547 | D:2      | Killed Natasha
  2548 | D:2      | Reached skill level 5 in Dodging
  3108 | D:3      | Noticed Grinder
  3108 | D:3      | Paralysed by Grinder for 4 turns
  3287 | D:3      | You fall into a shaft and drop 2 floors!
  3287 | D:5      | Entered Level 5 of the Dungeon
  3356 | D:4      | Found an opulent altar of Gozag.
  3991 | D:3      | Reached ** piety under Makhleb
  4012 | D:3      | Found an iron altar of Okawaru.
  4111 | D:3      | Found a shimmering altar of Xom.
  4253 | D:3      | Found a radiant altar of Vehumet.
  5208 | D:4      | Reached XP level 7. HP: 29/51 MP: 5/15
  5640 | D:4      | Found a broken altar of Ashenzari.
  5942 | D:5      | Found a staircase to the Ecumenical Temple.
  6075 | D:5      | Reached skill level 5 in Stealth
  7776 | D:6      | Found Feabusex's Distillery.
  7792 | D:5      | Reached XP level 8. HP: 53/57 MP: 2/16
  7897 | D:6      | Bought 2 potions of heal wounds for 140 gold pieces
  8000 | D:6      | Found Adamiept's Armour Shoppe.
  8008 | D:6      | Bought a scarf of shadows for 180 gold pieces
  8194 | D:6      | Found Tirragar's Assorted Antiques.
  8217 | D:6      | Reached *** piety under Makhleb
  8334 | D:6      | Found Zoanwigu's Antique Armour Shoppe.
  8736 | D:6      | Found Xuedus's Antique Weapon Shop.
 10348 | D:7      | Found a hazy altar of Hepliaklqana.
 10381 | D:7      | Noticed Duvessa
 10383 | D:7      | Noticed Dowan
 10420 | D:7      | Killed Duvessa
 10426 | D:7      | Killed Dowan
 10800 | D:7      | Found Jegatiu's Overcharged Wands.
 10929 | D:7      | Found a glowing silver altar of Zin.
 10930 | D:7      | Found a glowing golden altar of the Shining One.
 10931 | D:7      | Found a white marble altar of Elyvilon.
 11047 | D:7      | Reached XP level 9. HP: 65/65 MP: 18/18
 11575 | D:7      | Found a shimmering blue altar of Sif Muna.
 12008 | D:7      | Reached skill level 8 in Ice Magic
 12550 | D:8      | Reached skill level 5 in Invocations
 13845 | D:9      | Reached XP level 10. HP: 50/73 MP: 14/20
 14013 | D:9      | Reached skill level 5 in Fighting
 14013 | D:9      | Reached skill level 5 in Short Blades
 14013 | D:9      | Reached skill level 5 in Long Blades
 14013 | D:9      | Reached skill level 5 in Axes
 14013 | D:9      | Reached skill level 5 in Maces & Flails
 14013 | D:9      | Reached skill level 5 in Polearms
 14013 | D:9      | Reached skill level 5 in Staves
 14013 | D:9      | Reached skill level 5 in Slings
 14013 | D:9      | Reached skill level 5 in Bows
 14013 | D:9      | Reached skill level 5 in Crossbows
 14013 | D:9      | Reached skill level 5 in Throwing
 14013 | D:9      | Reached skill level 5 in Armour
 14013 | D:9      | Reached skill level 5 in Shields
 14013 | D:9      | Reached skill level 5 in Unarmed Combat
 14013 | D:9      | Reached skill level 5 in Evocations
 14851 | D:9      | Identified the amulet of Iresch {Reflect rC+ SH+5}
 14889 | D:9      | Reached **** piety under Makhleb
 15376 | D:9      | Found an ancient bone altar of Kikubaaqudgha.
 15378 | D:9      | Found a blossoming altar of Fedhas.
 15454 | D:9      | Slain by an orc warrior

Illustrated notes

Levels and vault maps discovered:
D:1:      dpeg_arrival_three_same_balls, layout_loops_cross,
          chequers_ecumenical_altar_grove, minivault_23,
          chequers_decorated_corner
D:2:      layout_loops_cross, lemuel_flame_loot_1, uniq_natasha,
          uniq_crazy_yiuf_cottage, uniq_sigmund
D:3:      layout_loops_cross, tgw_xom, okawaru_altar_gauntlet_db,
          mainiacjoe_overflow_surrounded_room, serial_bayou_lake_a, uniq_grinder
D:4:      layout_loops_corners, kennysheep_mini,
          mainiacjoe_overflow_small_starburst, enter_ossuary_2
D:5:      layout_gridville, minmay_temple_entry_hall
D:6:      layout_basic, serial_shops, nicolae_square_shop, shop_coins,
          nicolae_stop_n_shop_1, shop_fountains, shop_fountains,
          minmay_statues_item
D:7:      layout_layer_cave, good_gods_temple_1,
          nicolae_hepliaklqana_hazy_memory, kennysheep_mini_moat,
          nicolae_shop_overcharged_wands, uniq_duvessa
D:8:      layout_rooms
D:9:      layout_basic, grunt_temple_overflow_growth_and_decay,
          serial_bayou_pond_b

Skill      XL: |  1  2  3  4  5  6  7  8  9 10 |
---------------+-------------------------------+-----
Spellcasting   | 5 6 7 |  7.2
Fighting       | 1 2 3 4 5 |  5.1
Short Blades   | 1 2 3 4 5 |  5.1
Long Blades    | 1 2 3 4 5 |  5.1
Axes           | 1 2 3 4 5 |  5.1
Maces & Flails | 1 2 3 4 5 |  5.1
Polearms       | 1 2 3 4 5 |  5.1
Staves         | 1 2 3 4 5 |  5.1
Slings         | 1 2 3 4 5 |  5.1
Bows           | 1 2 3 4 5 |  5.1
Crossbows      | 1 2 3 4 5 |  5.1
Throwing       | 1 2 3 4 5 |  5.1
Armour         | 1 2 3 4 5 |  5.1
Shields        | 1 2 3 4 5 |  5.1
Unarmed Combat | 1 2 3 4 5 |  5.1
Conjurations   | 1 2 3 4 |  4.2
Hexes          | 1 2 3 4 |  4.2
Summonings     | 1 2 3 4 |  4.2
Necromancy     | 1 2 3 4 |  4.2
Translocations | 1 2 3 4 |  4.2
Transmutations | 1 2 3 4 |  4.2
Fire Magic     | 1 2 3 4 |  4.2
Air Magic      | 1 2 3 4 |  4.2
Earth Magic    | 1 2 3 4 |  4.2
Poison Magic   | 1 2 3 4 |  4.2
Invocations    | 1 2 3 4 5 |  5.6
Evocations     | 1 2 3 4 5 |  5.1
Dodging        | 5 6 |  6.9
Stealth        | 5 6 |  6.6
Ice Magic      | 8 |  8.3

Action                   |  1- 3 |  4- 6 |  7- 9 | 10-12 || total
-------------------------+-------+-------+-------+-------++-------
Melee: Unarmed           |     4 |       |       |       ||     4
       Whip              |    21 |    98 |       |       ||   119
       Bite              |     1 |     5 |    34 |    16 ||    56
       Dagger            |       |    24 |   321 |    95 ||   440
       Punch             |       |     2 |     9 |     5 ||    16
Throw: Javelin           |       |       |     5 |     1 ||     6
 Cast: Freeze            |    40 |    39 |    12 |       ||    91
       Frozen Ramparts   |     2 |     5 |    18 |     3 ||    28
       Ozocubu's Armour  |     1 |     2 |     4 |     1 ||     8
Evoke: Wand              |       |       |     2 |     7 ||     9
  Use: Potion            |     4 |       |     2 |     2 ||     8
       Scroll            |       |     2 |    14 |       ||    16
 Stab: Sleeping          |     1 |     4 |    12 |       ||    17
       Distracted        |     1 |       |       |       ||     1
Armor: Robe              |    13 |    42 |    41 |     5 ||   101
Dodge: Dodged            |    58 |   114 |   214 |    54 ||   440
Block: Other             |       |       |       |     2 ||     2

Table legend: (Time is in decaauts)
 A = Elapsed time spent in this place.
 B = Non-inter-level travel time spent in this place.
 C = Inter-level travel time spent in this place.
 D = Time resting spent in this place.
 E = Time spent auto-exploring this place.
 F = Levels seen in this place.
 G = Mean time per level.
                   A        B        C        D        E       F      G
               +--------+--------+--------+--------+--------+-----+--------+
         Total |  15454 |  15049 |    405 |   6217 |   6518 |   9 | 1717.1 |
       Dungeon |  15454 |  15049 |    405 |   6217 |   6518 |   9 | 1717.1 |
               +--------+--------+--------+--------+--------+-----+--------+

Top non-repeatable levels by time:
     D:6: 2218 daAuts
     D:7: 2008 daAuts
     D:3: 1916 daAuts
     D:9: 1884 daAuts
     D:2: 1729 daAuts
     D:1: 1643 daAuts
     D:5: 1555 daAuts
     D:8: 1437 daAuts
     D:4: 1059 daAuts
